 Dungeon Crawl Stone Soup version 0.25.1-2-g60ff931df9 (webtiles) character file.

Game seed: 2815147452950251278

49 DildoBatman the Magician (level 4, 0/30 HPs)
             Began as a Formicid Wizard on Sept 3, 2020.
             Slain by a frilled lizard (1 damage)
             ... on level 2 of the Dungeon.
             The game lasted 00:03:23 (1139 turns).

DildoBatman the Magician (Formicid Wizard)          Turns: 1139, Time: 00:03:23

Health: 0/30       AC:  2    Str: 12    XL:     4   Next: 1%
Magic:  8/8        EV: 12    Int: 18    God:
Gold:   68         SH:  0    Dex:  9    Spells: 8/9 levels left

rFire    . . .     SeeInvis +   d - +0 club
rCold    . . .     Gourm    .   (no shield)
rNeg     . . .     Faith    .   a - +0 robe
rPois    .         Spirit   .   (helmet unavailable)
rElec    .         Reflect  .   (no cloak)
rCorr    .         Harm     .   (no gloves)
MR       .....                  (no boots)
Stlth    ++........             (no amulet)
HPRegen  0.10/turn              (no ring)
MPRegen  0.11/turn              (no ring)

@: no status effects
A: permanent stasis, dig shafts and tunnels, four strong arms, antennae 3
a: Dig, Shaft Self


You were on level 2 of the Dungeon.
You were hungry.

You visited 1 branch of the dungeon, and saw 2 of its levels.

You collected 68 gold pieces.

Inventory:

Hand Weapons
 d - a +0 club (weapon)
 i - a cursed -3 whip
Missiles
 f - 61 stones (quivered)
Armour
 a - a +0 robe (worn)
Scrolls
 c - a scroll of magic mapping {unknown}
 e - 3 scrolls of identify {unknown}
 g - a scroll of teleportation {unknown}
 h - a scroll of fog {unknown}
Comestibles
 b - 2 chunks of flesh
 v - 3 rations


   Skills:
 - Level 1.7 Dodging
 - Level 2.4 Stealth
 - Level 3.2 Spellcasting
 * Level 3.2 Conjurations
   Level 1.0 Summonings
   Level 0.8 Translocations


You had 8 spell levels left.
You knew the following spells:

 Your Spells              Type           Power        Failure   Level  Hunger
c - Magic Dart            Conj           ##..         4%          1    None

Your spell library contained the following spells:

 Spells                   Type           Power        Failure   Level  Hunger
 Call Imp                 Summ           #.......     16%         2    ##.....
 Slow                     Hex            #.......     24%         2    ##.....
 Conjure Flame            Conj/Fire      #.......     24%         3    ###....
 Mephitic Cloud           Conj/Pois/Air  #.......     30%         3    ###....
 Blink                    Tloc           Unusable     N/A         2    N/A

Dungeon Overview and Level Annotations

Branches:
Dungeon (2/15)

Altars:


Innate Abilities, Weirdness & Mutations

You cannot be hasted, slowed, berserked, paralysed or teleported.
You can dig through walls and to a lower floor.
Your four strong arms can wield two-handed weapons with a shield.
You have a pair of large antennae on your head. (SInv)


Message History

Anything else - Cancel.
You shout for attention!
The frilled lizard barely misses you. What are your orders? t - Shout!
Orders for allies: a - Attack new target. r - Retreat! s - Stop attacking. g - Guard the area. f - Follow me.
Anything else - Cancel.
You shout for attention!
The frilled lizard bites you. What are your orders? t - Shout!
Orders for allies: a - Attack new target. r - Retreat! s - Stop attacking. g - Guard the area. f - Follow me.
Anything else - Cancel.
You shout for attention!
The frilled lizard bites you.
You die...

.. .)# #.# #.#.#.#
. #.#.#.# .. #..
#.# ...#####.###.#
..........#.######
.#.##...l....#.....
......).@......#
###.#.##.#.#...# #
#.#.#).##.#.#
#.#.#<......#
#.#.#####.###
#.#....# # #.####.#
#.# .. { #.# ...


You could see a frilled lizard.

Vanquished Creatures
  An adder (D:2)
  A dart slug (D:2)
  2 leopard geckos (D:1)
  9 bats
  A giant cockroach (D:1)
  2 goblins (D:1)
  5 hobgoblins
  2 jackals (D:1)
  2 ball pythons (D:1)
  2 frilled lizards (D:1)
  6 kobolds
  5 rats (D:1)
38 creatures vanquished.

Notes
Turn   | Place    | Note
-------+----------+-------------------------------------------
     0 | D:1      | DildoBatman the Formicid Wizard began the quest for the
                  | Orb.
     0 | D:1      | Reached XP level 1. HP: 13/13 MP: 4/4
    16 | D:1      | Reached skill level 1 in Conjurations
   158 | D:1      | Reached XP level 2. HP: 13/19 MP: 0/6
   567 | D:1      | Reached XP level 3. HP: 24/24 MP: 5/7
  1035 | D:2      | Reached XP level 4. HP: 30/30 MP: 0/8
  1138 | D:2      | HP: 1/30 [frilled lizard (1)]
  1139 | D:2      | Slain by a frilled lizard

Illustrated notes

Levels and vault maps discovered:
D:1:      onia_arrival_handbag, layout_rooms, minmay_bisected
D:2:      layout_basic, lemuel_round_altar, kennysheep_generic_room_16,
          uniq_jessica

Skill      XL: |  1  2  3 |
---------------+----------+-----
Conjurations   | 1 2 3 |  3.2
Dodging        | |  1.7
Stealth        | |  2.4
Spellcasting   | |  3.2
Summonings     | |  1.0
Translocations | |  0.8

Action                   |  1- 3 |  4- 6 || total
-------------------------+-------+-------++-------
Melee: Unarmed           |     2 |       ||     2
       Club              |    33 |       ||    33
Throw: Stone             |     2 |       ||     2
 Cast: Magic Dart        |    73 |     1 ||    74
 Stab: Sleeping          |     1 |       ||     1
Armor: Robe              |     8 |    15 ||    23
Dodge: Dodged            |    43 |    54 ||    97
